 Dungeon Crawl Stone Soup version 0.26-a0-1176-g060ceda6a5 (webtiles) character file.

Game seed: 7287445405089868365

51 loralnil the Chucker (level 3, -2/37 HPs)
             Began as an Ogre Hunter on Dec 24, 2020.
             Slain by a kobold
             ... wielding a +0 dagger
              (6 damage)
             ... on level 3 of the Dungeon.
             The game lasted 00:02:22 (1908 turns).

loralnil the Chucker (Ogre Hunter)                  Turns: 1908, Time: 00:02:23

Health: -2/37      AC:  3    Str: 17    XL:     3   Next: 81%
Magic:  3/3        EV: 10    Int: 12    God:
Gold:   75         SH:  0    Dex:  9    Spells: 2/2 levels left

rFire    . . .     SeeInvis .   a - +0 short sword
rCold    . . .     Faith    .   (no shield)
rNeg     . . .     Spirit   .   b - +0 robe
rPois    .         Reflect  .   (helmet restricted)
rElec    .         Harm     .   (no cloak)
rCorr    .         Rampage  .   (gloves unavailable)
Will     .....                  (boots unavailable)
Stlth    +.........             (no amulet)
HPRegen  0.12/turn              (no ring)
MPRegen  0.08/turn              (no ring)

@: lethally poisoned (-2 -> -9)
A: large, unfitting armour, tough skin 1
a: no special abilities


You were on level 3 of the Dungeon.
You visited 1 branch of the dungeon, and saw 3 of its levels.

You collected 75 gold pieces.

Inventory:

Hand Weapons
 a - a +0 short sword (weapon)
Missiles
 c - 2 large rocks (quivered)
 d - 2 throwing nets
 i - 2 boomerangs of dispersal
Armour
 b - a +0 robe (worn)
Scrolls
 e - a scroll of random uselessness {unknown}
 f - a scroll of enchant armour {unknown}
 g - a scroll of identify {unknown}
 j - a scroll of remove curse {unknown}
 k - a scroll of fear {unknown}
Potions
 h - a potion of degeneration {unknown}


   Skills:
 + Level 3.5 Fighting
 + Level 4.3 Throwing
 + Level 2.3 Dodging
 + Level 1.4 Stealth


You had 2 spell levels left.
You didn't know any spells.
Your spell library was empty.

Dungeon Overview and Level Annotations

Branches:
Dungeon (3/15)

Altars:
Ashenzari
Ru
Sif Muna
Vehumet
Xom
The Shining One


Innate Abilities, Weirdness & Mutations

You are too large for most types of armour.
You have tough skin. (AC +1)


Message History

You closely miss the adder. The adder bites you.
You are more poisoned.
The adder poisons you!
You hit the adder.
The adder is heavily wounded.
* * * LOW HITPOINT WARNING * * *
You feel sick. The adder bites you.
* * * LOW HITPOINT WARNING * * *
The adder bites you but does no damage.
You miss the adder.
The adder is heavily wounded.
The adder bites you.
* * * LOW HITPOINT WARNING * * *
You hit the adder.
You kill the adder!
* * * LOW HITPOINT WARNING * * *
You feel sick. The kobold closely misses you.
* * * LOW HITPOINT WARNING * * *
You feel sick. The kobold hits you with a +0 dagger.
You die...

.... ... #####..
...... #.#.. .
#.#.# ...
#.##.#(#.....
#...<@.......
........K.......
................
####.##.###.....
... ... .###+
#.. ##.. # #.
#.. #. #..#


You could see a kobold.

Vanquished Creatures
  An adder (D:3)
  A worm (D:2)
  2 dart slugs (D:1)
  A leopard gecko (D:1)
  6 bats
  3 giant cockroaches
  3 goblins
  3 hobgoblins
  A quokka (D:2)
  3 frilled lizards (D:2)
  4 kobolds
  4 rats
32 creatures vanquished.

Notes
Turn   | Place    | Note
-------+----------+-------------------------------------------
     0 | D:1      | loralnil the Ogre Hunter began the quest for the Orb.
     0 | D:1      | Reached XP level 1. HP: 22/22 MP: 1/1
   112 | D:1      | Reached XP level 2. HP: 5/31 MP: 2/2
   385 | D:1      | Reached skill level 1 in Stealth
   435 | D:1      | Found a glowing golden altar of the Shining One.
   437 | D:1      | Found a shimmering blue altar of Sif Muna.
   437 | D:1      | Found a shimmering altar of Xom.
   439 | D:1      | Found a radiant altar of Vehumet.
   439 | D:1      | Found a broken altar of Ashenzari.
   439 | D:1      | Found a glowing golden altar of the Shining One.
   687 | D:1      | Reached XP level 3. HP: 29/37 MP: 3/3
  1466 | D:2      | Found a shimmering blue altar of Sif Muna.
  1488 | D:2      | Found a sacrificial altar of Ru.
  1908 | D:3      | Slain by a kobold

Illustrated notes

Levels and vault maps discovered:
D:1:      psy_arrival_basics, layout_rooms, doesnt_xom_only_xom
D:2:      layout_basic, led_sif_pool, overflow_temple_1_default,
          chequers_serial_rivers_small_a, chequers_big_river
D:3:      layout_basic, lemuel_coloured_pillars_altar,
          chequers_ecumenical_altar_simple_redux, serial_rivers,
          chequers_serial_rivers_room_b, chequers_serial_rivers_large_b,
          chequers_serial_rivers_small_a, chequers_serial_rivers_small_b,
          kennysheep_orc_chapel

Skill      XL: |  1  2 |
---------------+-------+-----
Fighting       | 3 |  3.5
Dodging        | 2 |  2.3
Stealth        | 1 |  1.4
Throwing       | |  4.3

Action                   || total
-------------------------++-------
Melee: Short sword       ||   120
Throw: Large rock        ||     5
 Stab: Sleeping          ||     2
Armor: Robe              ||    39
Dodge: Dodged            ||    58

Table legend: (Time is in decaauts)
 A = Elapsed time spent in this place.
 B = Non-inter-level travel time spent in this place.
 C = Inter-level travel time spent in this place.
 D = Time resting spent in this place.
 E = Time spent auto-exploring this place.
 F = Levels seen in this place.
 G = Mean time per level.
                   A        B        C        D        E       F      G
               +--------+--------+--------+--------+--------+-----+--------+
         Total |   1934 |   1852 |     82 |      0 |   1561 |   3 |  644.7 |
       Dungeon |   1934 |   1852 |     82 |      0 |   1561 |   3 |  644.7 |
               +--------+--------+--------+--------+--------+-----+--------+

Top non-repeatable levels by time:
     D:2: 985 daAuts
     D:1: 928 daAuts
     D:3: 20 daAuts
